 Dungeon Crawl Stone Soup version 0.27.1-34-g3ba077fa99 (webtiles) character file.

Game seed: 3109870547989498579

40 iwittbrodt the Gusty (level 3, 0/28 HPs)
             Began as a Draconian Air Elementalist on Jan 19, 2022.
             Succumbed to a scorpion's poison
             ... on level 2 of the Dungeon.
             The game lasted 00:09:08 (1818 turns).

iwittbrodt the Gusty (Draconian Air Elementalist)   Turns: 1818, Time: 00:09:09

Health: 0/28       AC:  5    Str: 10    XL:     3   Next: 30%
Magic:  1/6        EV: 12    Int: 16    God:
Gold:   55         SH:  0    Dex: 17    Spells: 5/6 levels left

rFire    . . .     SeeInvis .   b - +0 short sword
rCold    . . .     Faith    .   (no shield)
rNeg     . . .     Spirit   .   (armour unavailable)
rPois    .         Reflect  .   (helmet restricted)
rElec    .         Harm     .   (no cloak)
rCorr    .         Rampage  .   (no gloves)
Will     .....                  (no boots)
Stlth    ++........             (no amulet)
HPRegen  0.09/turn              g - +6 ring of dexterity
MPRegen  0.10/turn              (no ring)

@: lethally poisoned (0 -> -4)
A: AC +5, unfitting armour, cold-blooded
a: no special abilities


You were on level 2 of the Dungeon.
You visited 1 branch of the dungeon, and saw 2 of its levels.

You collected 55 gold pieces.

Inventory:

Hand Weapons
 b - a +0 short sword (weapon)
Missiles
 c - 78 stones
 f - a throwing net
Jewellery
 g - a +6 ring of dexterity (left hand)


   Skills:
 + Level 1.3 Fighting
 - Level 1.7 Dodging
 - Level 2.0 Stealth
 + Level 2.3 Spellcasting
 + Level 1.8 Conjurations
 + Level 3.3 Air Magic


You had 5 spell levels left.
You knew the following spells:

 Your Spells              Type           Power      Damage    Failure   Level
a - Shock                 Conj/Air       40%        1d5       7%          1

Your spell library contained the following spells:

 Spells                   Type           Power      Damage    Failure   Level
 Static Discharge         Conj/Air       10%        N/A       11%         2
 Swiftness                Air            12%        N/A       16%         3
 Airstrike                Air            6%         N/A       45%         4


Dungeon Overview and Level Annotations

Branches:
Dungeon (2/15)

Altars:

Annotations:
D:2 Sigmund


Innate Abilities, Weirdness & Mutations

Your plain brown scales are hard. (AC +5)
You cannot fit into any form of body armour.
You are cold-blooded and may be slowed by cold attacks.


Message History

Casting: Shock (safe; 7% risk of failure)
Confirm with . or Enter, or press ? or * to list all spells.
Aiming: Shock (safe; 7% risk of failure)
Press: ? - help, Shift-Dir - straight line, f/p - scorpion
Aim: a scorpion (lightly wounded, 68% to hit)
The zap hits the scorpion.
The scorpion is moderately wounded.
The scorpion stings you!
You hit the scorpion but do no damage.
The scorpion is moderately wounded.
The scorpion stings you. x2
You are lethally poisoned!
The scorpion poisons you!
You hit the scorpion.
Your tail-slap misses the scorpion.
The scorpion is heavily wounded.
* * * LOW HITPOINT WARNING * * *
You feel very sick. The scorpion barely misses you.
You barely miss the scorpion.
The scorpion is heavily wounded.
* * * LOW HITPOINT WARNING * * *
You feel sick.
The scorpion stings you but does no damage.
You hit the scorpion.
Your tail-slap misses the scorpion.
The scorpion is heavily wounded.
* * * LOW HITPOINT WARNING * * *
You feel sick. The scorpion closely misses you. The scorpion stings you.
* * * LOW HITPOINT WARNING * * *
You hit the scorpion.
The scorpion is severely wounded.
* * * LOW HITPOINT WARNING * * *
You feel sick.
The scorpion stings you but does no damage.
You completely miss the scorpion.
The scorpion is severely wounded.
* * * LOW HITPOINT WARNING * * *
You feel sick. The scorpion closely misses you.
You hit the scorpion.
The scorpion is severely wounded.
You die...

##.### #.# ######...##
#.# ...<..##..###.###
...)..###...#...######
...†..................
≈≈
......####.##...###[###
≈≈ ......#
#....#..##...## ≈≈
......#
####..........#######≈≈≈
#######
#...#@###....#.....≈≈≈
##†..#s.........# ##≈≈≈
#####....#...####..##
#≈≈≈≈ .........#.#.#
#...###≈≈≈≈
.#####...#.#.##
##..88≈≈≈≈≈
##.##.#...##..........
#.##[# #..#)...†.....
###.##?####...s.88≈≈≈≈≈
...........##...###≈≈≈≈.


You could see a scorpion.

Vanquished Creatures
  A dart slug (D:1)
  5 ball pythons
  5 endoplasms
  3 goblins
  2 hobgoblins (D:1)
  2 kobolds
  5 quokkas (D:1)
  4 bats
  4 frilled lizards
  5 rats
36 creatures vanquished.

Notes
Turn   | Place    | Note
-------+----------+-------------------------------------------
     0 | D:1      | iwittbrodt the Draconian Air Elementalist began the quest
                  | for the Orb.
     0 | D:1      | Reached XP level 1. HP: 14/14 MP: 3/3
   637 | D:1      | Reached XP level 2. HP: 17/22 MP: 1/5
   719 | D:1      | You fall into a shaft and drop 1 floor!
   719 | D:2      | Noticed a scorpion
  1129 | D:1      | Reached skill level 1 in Fighting
  1248 | D:1      | Found a faded altar of an unknown god.
  1309 | D:1      | Reached XP level 3. HP: 28/28 MP: 1/6
  1769 | D:2      | Noticed Sigmund
  1817 | D:2      | HP: 1/28 [poisoned by a scorpion]
  1818 | D:2      | Succumbed to a scorpion's poison

Illustrated notes

Levels and vault maps discovered:
D:1:      nzn_arrival_crosshair, layout_basic,
          hellmonk_ecumenical_altar_crossroads, serial_corexii_hall,
          chequers_hall_statues_y, chequers_hall_statues_corner_a,
          minmay_indecisive_spiral
D:2:      wander_river, layout_rooms, uniq_sigmund

Skill      XL: |  1  2 |
---------------+-------+-----
Stealth        | 2 |  2.0
Fighting       | 1 |  1.3
Dodging        | |  1.7
Spellcasting   | |  2.3
Conjurations   | |  1.8
Air Magic      | |  3.3

Action                   || total
-------------------------++-------
Melee: Unarmed           ||    16
       Short sword       ||    22
       Tailslap          ||     4
 Cast: Shock             ||    70
  Use: Potion            ||     2
       Scroll            ||     1
Armor: Skin              ||    22
Dodge: Dodged            ||    32
